Map: Tritão LE

Players

PobreInfeliz

  • Race: Terran Terran
  • League: Diamond
  • Spawn Location: 11:00

LowLinK - Winner!

  • Race: Protoss Protoss
  • League: Diamond
  • Spawn Location: 5:00

VOD

Have the link to the VOD?

Description

Time

  • Played on: Feb. 20, 2020, 3:41 p.m.
  • Length: 9:34
Show
View Real Time Build Order
Export as new Build Order

PobreInfeliz Terran 

Build Orders: Liberator Opening, Mech 

Get SALT Encoding   

  12  0:00  SCV  
  13  0:13  SCV  
  14  0:17  Supply Depot  
  14  0:25  SCV  
  15  0:39  SCV  
  15  0:41  Barracks  
  16  0:44  Refinery  
  16  0:51  SCV  
  17  1:03  SCV  
  18  1:15  SCV  
  19  1:28  Orbital Command, Marine  
  20  1:41  Command Center  
  20  1:46  Barracks Reactor  
  20  1:54  Supply Depot  
  20  1:57  SCV  
  21  2:13  Refinery  
  21  2:15  Factory  
  21  2:22  Marine  
  22  2:24  Bunker, Marine  
  23  2:32  SCV  
  24  2:44  SCV, Marine x2  
  26  2:54  Orbital Command  
  26  2:56  SCV  
  27  3:01  Bunker  
  27  3:11  Marine x2  
  29  3:13  Factory Tech Lab  
  29  3:20  Starport  
  29  3:22  SCV  
  30  3:28  SCV  
  31  3:34  Marine x2  
  31  3:37  SCV  
  31  3:40  Siege Tank  
  37  3:42  SCV  
  38  3:50  SCV, Supply Depot  
  38  3:54  SCV  
  40  4:02  SCV  
  41  4:05  Supply Depot  
  41  4:09  Liberator  
  44  4:11  Liberator  
  44  4:15  Barracks Tech Lab  
  44  4:16  SCV  
  48  4:24  Engineering Bay  
  48  4:26  SCV  
  48  4:28  SCV  
  50  4:38  SCV  
  37  4:55  Orbital Command  
  35  5:05  SCV  
  34  5:13  Siege Tank  
  37  5:15  Orbital Command  
  37  5:17  SCV  
  38  5:22  SCV  
  38  5:25  Factory  
  39  5:29  SCV  
  39  5:34  Missile Turret  
  40  5:43  Missile Turret  
  40  5:44  Missile Turret  
  40  5:45  Siege Tank  
  40  5:46  Factory  
  31  6:07  SCV  
  31  6:10  Factory Tech Lab  
  31  6:17  Cyclone  
  34  6:27  SCV  
  34  6:31  Hellion  
  37  6:39  Supply Depot  
  37  6:50  Hellion  
  37  6:53  Liberator  
  42  6:54  SCV  
  36  7:11  Hellion  
  36  7:12  SCV  
  39  7:16  SCV  
  30  7:32  Hellion  
  26  7:40  Orbital Command  
  23  7:52  Hellion  
  25  8:11  Hellion  
  25  8:12  SCV  
  19  8:35  Cyclone  
  14  8:54  SCV  
  15  9:09  SCV  
  16  9:15  SCV  
  17  9:21  SCV  
Show
View Real Time Build Order
Export as new Build Order

LowLinK Protoss - Winner!

Build Orders:  

Get SALT Encoding   

  12  0:00  Probe  
  13  0:13  Probe  
  14  0:17  Pylon  
  14  0:25  Probe  
  15  0:35  Gateway  
  15  0:38  Probe (Chrono Boost)  
  16  0:47  Probe (Chrono Boost)  
  16  0:48  Assimilator  
  17  0:54  Probe  
  18  1:03  Assimilator  
  18  1:07  Probe  
  19  1:13  Pylon  
  19  1:19  Probe  
  19  1:22  Cybernetics Core  
  20  1:31  Probe  
  21  1:43  Probe  
  22  1:52  Gateway  
  22  1:53  Warp Gate (Chrono Boost)  
  22  1:55  Gateway  
  22  2:00  Pylon  
  22  2:09  Stalker  
  24  2:37  Pylon  
  24  2:52  Gateway  
  24  2:56  Gateway  
  24  3:18  Pylon  
  24  3:26  Sentry  
  26  3:27  Stalker x2  
  26  3:33  Pylon  
  30  3:43  Probe  
  30  3:47  Stalker  
  33  3:51  Stalker x4  
  41  4:00  Pylon  
  41  4:11  Stalker x2  
  41  4:14  Stalker  
  47  4:29  Stalker x2  
  43  4:55  Stalker x3  
  47  5:08  Pylon  
  47  5:20  Stalker  
  47  5:21  Stalker  
  51  5:23  Zealot x2  
  55  5:33  Gateway  
  55  5:38  Sentry  
  41  6:03  Stalker x2  
  45  6:06  Zealot x2  
  49  6:13  Stalker  
  51  6:26  Stalker  
  51  6:30  Stalker  
  55  6:41  Stalker  
  57  6:50  Stalker  
  57  6:51  Zealot  
  47  7:09  Stalker  
  47  7:13  Stalker  
  47  7:14  Zealot  
  37  7:35  Stalker x2  
  30  7:44  Stalker  
  32  7:58  Stalker  
  34  8:01  Zealot  
  34  8:02  Zealot  
  38  8:09  Stalker  
  40  8:18  Stalker  
  32  8:34  Stalker  
  30  8:43  Stalker  
  30  8:48  Stalker  
  32  8:58  Stalker  
  34  9:13  Stalker  
  34  9:30  Stalker  
  34  9:32  Zealot  
Tags
 
Add a new tag
Caveats
  • Supply blocks, unpowered buildings, or Contaminate may cause inaccurate times.
  • Supply counts are checked every 10 seconds.